Map: Shrines of Lizul

Players

GhoulGunZ

  • Race: Terran Terran
  • Spawn Location: 3:00

CorbinDallas

  • Race: Zerg Zerg
  • League: Gold
  • Spawn Location: 12:00

MonstroTown - Winner!

  • Race: Terran Terran
  • Spawn Location: 9:00

Michael - Winner!

  • Race: Zerg Zerg
  • League: Gold
  • Spawn Location: 6:00

VOD

Have the link to the VOD?

Description

Time

  • Played on: Sept. 29, 2018, 12:03 p.m.
  • Length: 6:03
Show
View Real Time Build Order
Export as new Build Order

GhoulGunZ Terran 

Build Orders:  

Get SALT Encoding   

  12  0:01  SCV  
  13  0:13  SCV  
  14  0:20  Supply Depot  
  14  0:29  Refinery  
  14  0:43  Barracks  
  14  0:45  SCV  
  15  0:55  Refinery  
  15  0:58  SCV  
  16  1:10  SCV  
  17  1:14  Barracks  
  17  1:22  SCV  
  18  1:33  Barracks Reactor  
  18  1:39  Bunker  
  18  1:42  Orbital Command  
  18  2:03  Barracks Tech Lab  
  18  2:12  Reaper  
  19  2:19  Reaper  
  20  2:25  Marine  
  20  2:29  Engineering Bay  
  21  2:42  Marine  
  22  2:48  Factory  
  22  3:00  Marine  
  22  3:03  Neosteel Frame  
  23  3:35  SCV  
  23  3:36  Marine  
  23  3:49  Supply Depot  
  23  3:50  Barracks Tech Lab  
  23  4:00  Supply Depot x2  
  23  4:08  Supply Depot  
  23  4:10  Supply Depot  
  23  4:11  SCV, Hellion x2  
  28  4:22  Factory  
  28  4:25  Barracks Tech Lab  
  28  4:36  Hellion x2  
  28  4:37  Marauder  
  34  4:48  Marine  
  35  4:58  Marine, Starport  
  36  5:05  Missile Turret  
  36  5:08  Command Center, Siege Tank  
  39  5:27  Missile Turret  
  39  5:28  Cyclone  
  39  5:29  Cyclone  
  39  5:49  Missile Turret  
Show
View Real Time Build Order
Export as new Build Order

CorbinDallas Zerg 

Build Orders: Hatch First 

Get SALT Encoding   

  12  0:15  Drone x2  
  12  0:20  Extractor  
  12  0:21  Overlord  
  13  0:31  Drone  
  14  0:44  Drone  
  15  0:58  Hatchery  
  14  1:04  Drone x2  
  16  1:22  Spawning Pool  
  15  1:33  Drone x3  
  18  1:51  Drone  
  19  2:08  Drone x2  
  21  2:12  Baneling Nest  
  20  2:22  Queen  
  20  2:26  Zergling x2  
  23  2:33  Spine Crawler  
  23  2:36  Zergling x4  
  24  2:58  Zergling x4  
  24  2:59  Zergling x4  
  28  3:08  Spine Crawler  
  25  3:39  Metabolic Boost  
Show
View Real Time Build Order
Export as new Build Order

MonstroTown Terran - Winner!

Build Orders:  

Get SALT Encoding   

  12  0:01  SCV  
  13  0:18  SCV, Supply Depot  
  14  0:30  SCV  
  15  0:42  SCV, Barracks  
  16  0:54  SCV  
  17  0:57  Barracks  
  17  1:06  SCV  
  18  1:12  Barracks  
  18  1:24  SCV  
  19  1:29  Marine  
  19  1:30  Supply Depot  
  20  1:39  Barracks  
  20  1:42  SCV  
  20  1:45  Marine  
  22  1:50  Marine  
  23  1:57  SCV  
  24  2:03  Marine  
  24  2:05  Marine  
  26  2:13  Supply Depot  
  26  2:16  Marine  
  26  2:22  Orbital Command  
  27  2:25  Marine  
  27  2:28  Marine  
  29  2:32  Marine  
  29  2:36  Marine  
  31  2:37  Refinery  
  31  2:43  Supply Depot  
  31  2:46  Marine  
  32  2:51  Marine  
  32  2:52  Marine  
  34  3:00  Marine  
  35  3:07  Marine  
  35  3:10  Marine x2  
  38  3:19  Marine  
  39  3:25  Marine  
  40  3:28  Marine  
  40  3:31  Marine  
  42  3:36  Marine  
  43  3:53  Marine x2  
  43  3:54  Marine  
  45  4:05  Command Center  
  45  4:15  Marine  
  46  4:19  Barracks Tech Lab  
  46  4:20  Barracks Reactor  
  45  4:28  Factory  
  45  4:31  Engineering Bay  
  45  4:39  Barracks Reactor  
  45  4:41  Marine  
  46  4:54  Marauder  
  48  5:04  Refinery  
  48  5:13  Missile Turret  
  48  5:15  Factory Tech Lab  
  48  5:18  Missile Turret, SCV, Refinery  
  48  5:21  Refinery  
  49  5:37  Orbital Command  
  49  5:40  SCV  
Show
View Real Time Build Order
Export as new Build Order

Michael Zerg - Winner!

Build Orders: Pool First 

Get SALT Encoding   

  12  0:01  Drone  
  13  0:13  Overlord  
  13  0:18  Drone  
  14  0:31  Drone x2  
  14  0:35  Drone  
  17  0:37  Extractor  
  16  0:45  Drone  
  17  0:51  Spawning Pool  
  17  0:56  Drone  
  17  1:07  Drone  
  18  1:24  Hatchery  
  17  1:27  Drone  
  18  1:39  Queen  
  18  1:46  Metabolic Boost  
  20  1:51  Zergling x2  
  21  1:55  Zergling x2  
  22  2:02  Overlord  
  22  2:21  Overlord  
  22  2:24  Roach Warren  
  21  2:33  Queen  
  23  2:46  Zergling x6  
  26  2:54  Zergling x4  
  26  2:57  Zergling x2  
  29  3:09  Queen  
  29  3:30  Drone  
  29  3:31  Drone x4  
  29  3:55  Lair  
  29  3:57  Drone  
  29  3:58  Drone x2  
  29  4:01  Extractor  
  31  4:02  Drone  
  31  4:04  Evolution Chamber  
  30  4:10  Drone  
  30  4:11  Drone x2  
  33  4:21  Drone  
  33  4:22  Drone x2  
  36  4:28  Overlord  
  36  4:30  Overlord  
  36  4:45  Burrow  
  36  4:58  Queen  
  38  5:11  Drone  
  38  5:12  Hatchery  
  38  5:13  Drone  
  39  5:15  Drone  
  39  5:17  Drone  
  41  5:23  Drone x2  
  41  5:26  Extractor  
  41  5:27  Extractor  
  41  5:31  Infestation Pit  
  40  5:39  Drone  
  40  5:40  Drone x2  
  45  5:58  Hydralisk Den  
Tags
 
Add a new tag
Caveats
  • Supply blocks, unpowered buildings, or Contaminate may cause inaccurate times.
  • Supply counts are checked every 10 seconds.